AoeStats
← Herby

Arena

509767091Analyzed
1v1 RM · 4d ago on Sep 27, 2026· 29m 5s· 2 players
Game mode
Random Map
Map size
Tiny (2 player)
Population
200
Speed
Normal
Resources
Standard
Victory
Conquest
Starting age
Dark Age
Ending age
Imperial Age
RankedLock teamsTeams togetherTeam positionsShared explorationLock speedFull tech treeHidden civsTurbo modeCheats
Victory
Defeat
1289
+18
🇲🇽 Khmer · Mexico
1335
-18
PumAge | carlomagno
10:17 Feudal Age
14:31 Castle Age
13:02 Double-Bit Axe
17:38 Bow Saw
20:30 Loom
21:21 Wheelbarrow
27:02 Imperial Age
24:29 Horse Collar
25:26 Fletching
27:03 Atonement
28:59 Chemistry
Herby
11:04 Feudal Age
14:42 Castle Age
21:40 Imperial Age
19:52 Double-Bit Axe
20:06 Gold Mining
21:06 Bow Saw
23:25 Gold Shaft Mining
Connection lost

Rejoining the realm…

Still unreachable

The connection could not be restored.

Session expired

The server has moved on; the page needs a fresh start.